 Dungeon Crawl Stone Soup version 0.19.5 (webtiles) character file.

323 Keye the Poker (level 6, -11/56 HPs)
             Began as a Naga Fighter on May 12, 2017.
             Killed from afar by Dowan (19 damage)
             ... with a shard of ice
             ... on level 4 of the Dungeon.
             The game lasted 00:04:07 (2707 turns).

Keye the Poker (Naga Fighter)                       Turns: 2707, Time: 00:04:07

Health: -11/56     AC: 10    Str: 18    XL:     6   Next: 47%
Magic:  6/6        EV:  5    Int:  9    God:
Gold:   80         SH:  8    Dex: 12    Spells: 0 memorised, 5 levels left

rFire  + . .     SeeInvis +     a - +0 trident
rCold  . . .     Gourm    .     b - +0 scale mail
rNeg   . . .     Faith    .     c - +0 shield
rPois  +         Spirit   .     (no helmet)
rElec  .         Reflect  .     v - +1 cloak {MR+}
rCorr  .         Harm     .     k - +2 pair of gloves
MR     +....                    (no barding)
Stlth  ..........               (no amulet)
                                (no ring)
                                e - ring of protection from fire

@: very slow
A: see invisible, deformed body, poison resistance, slowness 2, slow metabolism
1, spit poison 1, AC +2
a: Spit Poison


You were on level 4 of the Dungeon.
You were hungry.

You visited 1 branch of the dungeon, and saw 4 of its levels.

You collected 80 gold pieces.

Inventory:

Hand Weapons
 a - a +0 trident (weapon)
Armour
 b - a +0 scale mail (worn)
 c - a +0 shield (worn)
 k - a +2 pair of gloves (worn)
 v - a +1 cloak of magic resistance (worn)
Jewellery
 e - a ring of protection from fire (left hand)
Scrolls
 h - a scroll of random uselessness {unknown}
 j - 2 scrolls of teleportation {unknown}
 l - a scroll of amnesia {unknown}
 m - 2 scrolls of recharging {unknown}
 o - a scroll of blinking {unknown}
 r - 3 scrolls of enchant armour {unknown}
 s - a scroll of remove curse
 u - a scroll of noise {unknown}
 y - a scroll of fog {unknown}
Potions
 d - a potion of might
 p - 3 potions of curing
 q - a potion of flight
 t - a potion of cancellation {unknown}
 x - a potion of mutation {unknown}
Comestibles
 f - 2 bread rations
 i - 2 meat rations
 n - a royal jelly
 w - 5 fruits


   Skills:
 - Level 3.0 Fighting
 + Level 6.6 Polearms
 - Level 2.4 Armour
 - Level 2.4 Shields


You had 5 spell levels left.
You didn't know any spells.

Dungeon Overview and Level Annotations

Branches:
Dungeon (4/15)
 Temple: D:4-7

Altars:
Xom

Annotations:
D:4 Dowan


Innate Abilities, Weirdness & Mutations

You cannot wear boots.
Your serpentine skin is tough. (AC +2)
You have supernaturally acute eyesight. (SInv)
Armour fits poorly on your strangely shaped body.
Your system is resistant to poisons. (rPois)
You cover ground very slowly.
You have a slow metabolism.
You can spit poison.


Message History

You closely miss Dowan.
Dowan is severely wounded.
You block Dowan's attack.
You closely miss Dowan.
Dowan is severely wounded.
You block Dowan's attack.
Dowan hits you with a dagger of protection.
* * * LOW HITPOINT WARNING * * *
Your shield and scale mail prevent you from hitting Dowan.
Dowan is severely wounded.
Dowan casts a spell.
Dowan blinks!
Dowan hits you with a dagger of protection.
* * * LOW HITPOINT WARNING * * *
You block Dowan's attack.
You hit Dowan but do no damage.
Dowan is severely wounded.
Dowan casts a spell at you. The shard of ice hits you!
You die...

...........##......####
..
......†....+.....).....
.
#.........###.........
+..........#..........
#......####..)........
...#....#####..........
.. #.............#.#...
. #...............# ..
.....#...@e.......# .
......+.....<......#
......###..........#
...... ............#
..... ###............
#..........#.
........... ..........


You could see Dowan.

Vanquished Creatures
  The ghost of monokles the Gusty, an amateur DrAE (D:3)
  Duvessa (D:4)
  Crazy Yiuf (D:3)
  A worker ant (D:4)
  2 dart slugs
  2 orcs (D:3)
  7 bats
  2 giant cockroaches
  4 goblins
  5 hobgoblins
  5 kobolds
  2 quokkas (D:3)
  6 frilled lizards
  5 rats
44 creatures vanquished.

Notes
Turn   | Place    | Note
-------+----------+-------------------------------------------
     0 | D:1      | Keye the Naga Fighter began the quest for the Orb.
     0 | D:1      | Reached XP level 1. HP: 21/21 MP: 1/1
    31 | D:1      | Reached XP level 2. HP: 23/28 MP: 2/2
   161 | D:1      | Reached skill level 3 in Polearms
   602 | D:2      | Reached XP level 3. HP: 24/34 MP: 3/3
  1220 | D:3      | Noticed monokles's ghost (amateur DrAE)
  1254 | D:3      | Killed monokles's ghost
  1254 | D:3      | Reached skill level 5 in Polearms
  1254 | D:3      | Reached XP level 4. HP: 2/42 MP: 4/4
  1254 | D:3      | Reached XP level 5. HP: 3/49 MP: 5/5
  1665 | D:3      | Found a shimmering altar of Xom.
  1665 | D:3      | Found a shimmering altar of Xom.
  1667 | D:3      | Found a shimmering altar of Xom.
  1667 | D:3      | Found a shimmering altar of Xom.
  1667 | D:3      | Found a shimmering altar of Xom.
  1667 | D:3      | Found a shimmering altar of Xom.
  1708 | D:3      | Found a runed door.
  1712 | D:3      | Noticed Crazy Yiuf
  1726 | D:3      | Killed Crazy Yiuf
  2110 | D:3      | Found a shimmering altar of Xom.
  2396 | D:4      | Noticed Duvessa
  2397 | D:4      | Noticed Dowan
  2558 | D:4      | Reached skill level 6 in Polearms
  2558 | D:4      | Reached XP level 6. HP: 42/56 MP: 6/6
  2683 | D:4      | Killed Duvessa
  2707 | D:4      | Killed from afar by Dowan

Skill      XL: |  1  2  3  4  5 |
---------------+----------------+-----
Polearms       | 3 5 6 |  6.6
Fighting       | |  3.0
Armour         | |  2.4
Shields        | |  2.4

Action                   |  1- 3 |  4- 6 || total
-------------------------+-------+-------++-------
Melee: Trident           |   124 |   113 ||   237
  Use: Scroll            |     2 |     2 ||     4
       Potion            |       |     1 ||     1
  Eat: Chunk             |       |     4 ||     4
Armor: Scale mail        |    41 |    36 ||    77
Dodge: Dodged            |    26 |    22 ||    48
Block: Shield            |    47 |    44 ||    91
